IL
BUFFALO BISONS @ CHARLOTTE KNIGHTS
08/29/2048
 
TOP OF THE 1ST
Buffalo Bisons batting - Pitching for Charlotte Knights : LHP Isaias Felix
Pitching: LHP Isaias Felix
Batting: RHB Frank Caulfield 0-0: Reached on error, E6 (Groundball, 6, EV 81.9 MPH)
Batting: RHB Väinö Tapaninen 0-0: Ball
1-0: Ball
2-0: Called Strike
2-1: Swinging Strike
2-2: Ball
3-2: SINGLE (Groundball, 56, EV 98.8 MPH)
Frank Caulfield to third
Runner from 3rd tries for Home, SAFE, throw by LF to home
Väinö Tapaninen to second
Batting: SHB Dominik Hasek II 0-0: Called Strike
0-1: Foul Ball, location: 2F
0-2: SINGLE (Line Drive, 89M, EV 101.9 MPH)
Väinö Tapaninen to third
Batting: RHB Butch Koglin 0-0: Called Strike
0-1: Ball
1-1: Swinging Strike
1-2: Ball
2-2: Ball
3-2: Base on Balls
Dominik Hasek II to second
Batting: RHB Michel Martineau 0-0: Ball
1-0: Foul Ball, location: 2F
1-1: Ball
2-1: Ball
3-1: Called Strike
3-2: Fly out, F9 (Flyball, 9LM, EV 91.2 MPH)
Runner from 3rd tags up, SCORES, throw by RF
Batting: RHB Leo Mair 0-0: Called Strike
Dominik Hasek II steals 3rd base (no throw)
0-1: Called Strike
0-2: Ball
1-2: Ball
2-2: Fielders Choice at 2nd, 1-6 (Groundball, 34S, EV 68.1 MPH)
Batting: LHB Gabe Pace 0-0: Ball
1-0: Ball
2-0: Ball
3-0: Base on Balls
Leo Mair to second
Batting: RHB Bryan Peterson 0-0: Ball
1-0: Ball
2-0: Ball
3-0: Called Strike
3-1: Base on Balls
Dominik Hasek II scores
Leo Mair to third
Gabe Pace to second
Batting: RHB John Loving 0-0: Called Strike
0-1: Called Strike
0-2: Ball
1-2: Foul Ball, location: 2F
1-2: Foul Ball, location: 2F
1-2: Ball
2-2: Foul Ball, location: 2F
2-2: SINGLE (Groundball, 56D, EV 94.4 MPH)
Leo Mair scores
Gabe Pace to third
Bryan Peterson to second
Runner from 3rd tries for Home, throw by LF and OUT! 7-2
Top of the 1st over - 4 runs, 3 hits, 1 error, 2 left on base; Buffalo 4 - Charlotte 0
BOTTOM OF THE 1ST
Charlotte Knights batting - Pitching for Buffalo Bisons : RHP Art Nobles
Pitching: RHP Art Nobles
Batting: RHB Jeremy Hoffert 0-0: Ball
1-0: Foul Ball, location: 2F
1-1: Fly out, F4 (Popup, 34, EV 74.4 MPH)
Batting: LHB Carlos Ramirez 0-0: Ball
1-0: Foul Ball, location: 2F
1-1: Ground out U3 (Groundball, 3, EV 105.0 MPH)
Batting: LHB Joe Kirkland 0-0: Swinging Strike
0-1: Ball
1-1: Ball
2-1: Called Strike
2-2: Ground out U3 (Groundball, 3L, EV 85.0 MPH)
Bottom of the 1st over - 0 runs, 0 hits, 0 errors, 0 left on base; Buffalo 4 - Charlotte 0
TOP OF THE 2ND
Buffalo Bisons batting - Pitching for Charlotte Knights : LHP Isaias Felix
Batting: RHB Frank Caulfield 0-0: Called Strike
0-1: Ball
1-1: Ground out 5-3 (Groundball, 5L, EV 107.5 MPH)
Batting: RHB Väinö Tapaninen 0-0: Fly out, F8 (Flyball, 8RXD, EV 87.5 MPH)
Batting: SHB Dominik Hasek II 0-0: Ground out 5-3 (Groundball, 56, EV 83.8 MPH)
Top of the 2nd over - 0 runs, 0 hits, 0 errors, 0 left on base; Buffalo 4 - Charlotte 0
BOTTOM OF THE 2ND
Charlotte Knights batting - Pitching for Buffalo Bisons : RHP Art Nobles
Batting: RHB Fletcher Easter 0-0: Called Strike
0-1: Called Strike
0-2: Ball
1-2: Foul Ball, location: 2F
1-2: Strikes out swinging
Batting: LHB Ricardo Pagan 0-0: Called Strike
0-1: Swinging Strike
0-2: Ball
1-2: Strikes out swinging
Batting: RHB Ron Johansen 0-0: Ground out 5-3 (Groundball, 56, EV 78.8 MPH)
Bottom of the 2nd over - 0 runs, 0 hits, 0 errors, 0 left on base; Buffalo 4 - Charlotte 0
TOP OF THE 3RD
Buffalo Bisons batting - Pitching for Charlotte Knights : LHP Isaias Felix
Batting: RHB Butch Koglin 0-0: Ball
1-0: Fly out, F8 (Flyball, 8LM, EV 80.6 MPH)
Batting: RHB Michel Martineau 0-0: Swinging Strike
0-1: Ball
1-1: Ball
2-1: Ground out 1-3 (Groundball, 13S, EV 74.4 MPH)
Batting: RHB Leo Mair 0-0: DOUBLE (Groundball, 5L, EV 104.4 MPH)
Batting: LHB Gabe Pace 0-0: Ball
1-0: Ball
2-0: Ground out 5-3 (Groundball, 5S, EV 80.0 MPH)
Top of the 3rd over - 0 runs, 1 hit, 0 errors, 1 left on base; Buffalo 4 - Charlotte 0
BOTTOM OF THE 3RD
Charlotte Knights batting - Pitching for Buffalo Bisons : RHP Art Nobles
Batting: LHB Adam Tarbutton 0-0: Swinging Strike
0-1: Ball
1-1: Ball
2-1: SINGLE (Groundball, 3D, EV 103.8 MPH)
Batting: RHB Micah Brown 0-0: Called Strike
0-1: Swinging Strike
0-2: Ball
1-2: SINGLE (Groundball, 56D, EV 108.8 MPH)
Adam Tarbutton to second
Batting: RHB Kikuo Sato 0-0: Foul Ball, location: 2F
0-1: Ball
1-1: Grounds into double play, 6-4-3 (Groundball, 56, EV 77.5 MPH)
Adam Tarbutton to third
Batting: RHB Jeremy Hoffert 0-0: Ball
1-0: Called Strike
1-1: Foul Ball, location: 2F
1-2: Foul Ball, location: 2F
1-2: Ball
2-2: Ground out 6-3 (Groundball, 6, EV 110.6 MPH)
Bottom of the 3rd over - 0 runs, 2 hits, 0 errors, 1 left on base; Buffalo 4 - Charlotte 0
TOP OF THE 4TH
Buffalo Bisons batting - Pitching for Charlotte Knights : LHP Isaias Felix
Batting: RHB Bryan Peterson 0-0: Foul Ball, location: 2F
0-1: Foul Ball, location: 2F
0-2: Ball
1-2: Ball
2-2: Ball
3-2: Base on Balls
Batting: RHB John Loving 0-0: Ball
1-0: Foul Ball, location: 2F
1-1: Ball
2-1: Called Strike
2-2: Ball
3-2: Strikes out swinging
Bryan Peterson is caught stealing 2nd base 2-4
Batter strikes out.
Batting: RHB Frank Caulfield 0-0: Ball
1-0: SINGLE (Groundball, 6M, EV 102.5 MPH)
Batting: RHB Väinö Tapaninen 0-0: Called Strike
Frank Caulfield steals 2nd base
0-1: Ball
1-1: Ball
Wild Pitch!
Frank Caulfield to third
2-1: Ball
3-1: Fly out, F9 (Flyball, 9S, EV 82.5 MPH)
Top of the 4th over - 0 runs, 1 hit, 0 errors, 1 left on base; Buffalo 4 - Charlotte 0
BOTTOM OF THE 4TH
Charlotte Knights batting - Pitching for Buffalo Bisons : RHP Art Nobles
Batting: LHB Carlos Ramirez 0-0: Called Strike
0-1: SINGLE (Line Drive, 89S, EV 101.9 MPH)
Batting: LHB Joe Kirkland 0-0: Ball
1-0: Swinging Strike
1-1: 2-RUN HOME RUN (Flyball, 89XD, EV 99.4 MPH), Distance : 398 ft
Batting: RHB Fletcher Easter 0-0: Called Strike
0-1: Ball
1-1: Ball
2-1: Called Strike
2-2: Ball
3-2: Ground out 5-3 (Groundball, 56S, EV 85.0 MPH)
Batting: LHB Ricardo Pagan 0-0: Called Strike
0-1: Ball
1-1: Ball
2-1: Ball
3-1: SINGLE (Groundball, 4MD, EV 106.9 MPH)
Batting: RHB Ron Johansen 0-0: Called Strike
0-1: SINGLE (Groundball, 6MD, EV 103.8 MPH)
Ricardo Pagan to second
Runner from 2nd tries for 3rd, SAFE, throw by CF made to third
Batting: LHB Adam Tarbutton 0-0: Called Strike
0-1: Ball
1-1: Fielders Choice at 2nd, 4-6 (Groundball, 4M, EV 105.0 MPH)
Ricardo Pagan scores
Now at SS: Jose Garza
Batting: RHB Micah Brown 0-0: Called Strike
0-1: Ground out 2-3 (Groundball, 13S, EV 68.8 MPH)
Bottom of the 4th over - 3 runs, 4 hits, 0 errors, 1 left on base; Buffalo 4 - Charlotte 3
TOP OF THE 5TH
Buffalo Bisons batting - Pitching for Charlotte Knights : LHP Isaias Felix
Batting: SHB Dominik Hasek II 0-0: Ball
1-0: Called Strike
1-1: Foul Ball, location: 2F
1-2: Foul Ball, location: 2F
1-2: Ball
2-2: Foul Ball, location: 2F
2-2: Ball
3-2: Foul Ball, location: 2F
3-2: Base on Balls
Batting: RHB Butch Koglin 0-0: Swinging Strike
0-1: Ball
1-1: SINGLE (Groundball, P, EV 83.8 MPH) (infield hit)
Dominik Hasek II to second
Batting: RHB Michel Martineau 0-0: Ball
Dominik Hasek II steals 3rd base
1-0: Ball
2-0: Foul Ball, location: 2F
2-1: Ball
3-1: Foul Ball, location: 2F
3-2: Foul Ball, location: 2F
3-2: SINGLE (Groundball, 56, EV 95.0 MPH)
Dominik Hasek II scores
Butch Koglin to second
Pitching: RHP Emilio Gonzalez
Batting: RHB Jose Garza 0-0: Reached on error, E6 (Groundball, 6, EV 98.1 MPH)
Butch Koglin to third
Michel Martineau to second
Batting: LHB Gabe Pace 0-0: Ball
1-0: Ball
2-0: Called Strike
2-1: Foul Ball, location: 2F
2-2: Strikes out swinging
Batting: RHB Bryan Peterson 0-0: Called Strike
0-1: Ball
1-1: Fly out, F8 (Line Drive, 8RM, EV 83.8 MPH)
Runner from 3rd tags up, SCORES, throw by CF
Michel Martineau to third
Batting: RHB John Loving 0-0: Ball
1-0: Swinging Strike
1-1: Called Strike
1-2: SINGLE (Groundball, 34D, EV 98.8 MPH)
Michel Martineau scores
Jose Garza to second
Runner from 2nd tries for 3rd, OUT! 9-5
Top of the 5th over - 3 runs, 3 hits, 1 error, 1 left on base; Buffalo 7 - Charlotte 3
BOTTOM OF THE 5TH
Charlotte Knights batting - Pitching for Buffalo Bisons : RHP Art Nobles
Batting: RHB Kikuo Sato 0-0: Foul Ball, location: 2F
0-1: Called Strike
0-2: Strikes out swinging
Batting: RHB Jeremy Hoffert 0-0: Ball
1-0: Ball
2-0: Swinging Strike
2-1: Ground out 3-1 (Groundball, 34, EV 102.5 MPH)
Batting: LHB Carlos Ramirez 0-0: Called Strike
0-1: Swinging Strike
0-2: SINGLE (Line Drive, 9S, EV 94.4 MPH)
Batting: LHB Joe Kirkland 0-0: Ground out 4-3 (Groundball, 34, EV 100.6 MPH)
Bottom of the 5th over - 0 runs, 1 hit, 0 errors, 1 left on base; Buffalo 7 - Charlotte 3
TOP OF THE 6TH
Buffalo Bisons batting - Pitching for Charlotte Knights : RHP Emilio Gonzalez
Batting: RHB Frank Caulfield 0-0: Fly out, F5 (Line Drive, 5, EV 75.6 MPH)
Batting: RHB Väinö Tapaninen 0-0: Called Strike
0-1: Ball
1-1: Foul Ball, location: 2F
1-2: Foul Ball, location: 2F
1-2: Foul Ball, location: 2F
1-2: Ground out 5-3 (Groundball, 56S, EV 83.1 MPH)
Batting: SHB Dominik Hasek II 0-0: SINGLE (Line Drive, 34, EV 100.6 MPH)
Batting: RHB Butch Koglin 0-0: Called Strike
Dominik Hasek II steals 2nd base
0-1: Ball
1-1: Ball
2-1: Foul Ball, location: 2F
2-2: 2-RUN HOME RUN (Flyball, 78XD, EV 97.5 MPH), Distance : 398 ft
Batting: RHB Michel Martineau 0-0: Foul Ball, location: 2F
0-1: Foul Ball, location: 2F
0-2: Hit by Pitch
Batting: RHB Jose Garza 0-0: Called Strike
0-1: Ball
1-1: Ball
2-1: Ball
3-1: Swinging Strike
3-2: Foul Ball, location: 2F
3-2: Strikes out looking
Top of the 6th over - 2 runs, 2 hits, 0 errors, 1 left on base; Buffalo 9 - Charlotte 3
BOTTOM OF THE 6TH
Charlotte Knights batting - Pitching for Buffalo Bisons : RHP Art Nobles
Batting: RHB Fletcher Easter 0-0: Foul Ball, location: 2F
0-1: Ball
1-1: Ball
2-1: Foul Ball, location: 2F
2-2: Ball
3-2: Base on Balls
Batting: LHB Ricardo Pagan 0-0: Ball
1-0: DOUBLE (Line Drive, 78M, EV 91.9 MPH)
Fletcher Easter to third
Batting: RHB Ron Johansen 0-0: Called Strike
0-1: Swinging Strike
0-2: Ball
1-2: Ball
2-2: Foul Ball, location: 2F
2-2: Fly out, F9 (Flyball, 9D, EV 85.6 MPH)
Runner from 3rd tags up, SCORES, throw by RF
Ricardo Pagan to third
Batting: LHB Adam Tarbutton 0-0: SINGLE (Groundball, 5L, EV 103.1 MPH) (infield hit)
Ricardo Pagan scores
Pitching: RHP Andres Lozano
Batting: RHB Micah Brown 0-0: Foul Ball, location: 2F
0-1: Ball
1-1: Ball
2-1: Foul Ball, location: 2F
2-2: SINGLE (Groundball, 6D, EV 93.8 MPH)
Adam Tarbutton to second
Batting: RHB Kikuo Sato 0-0: Ball
1-0: Swinging Strike
1-1: Swinging Strike
1-2: Strikes out looking
Batting: RHB Jeremy Hoffert 0-0: Swinging Strike
0-1: Fly out, F8 (Flyball, 8RD, EV 81.2 MPH)
Bottom of the 6th over - 2 runs, 3 hits, 0 errors, 2 left on base; Buffalo 9 - Charlotte 5
TOP OF THE 7TH
Buffalo Bisons batting - Pitching for Charlotte Knights : RHP Emilio Gonzalez
Pitching: LHP Bobby Martin
Pinch Hitting: RHB Kyle Scruggs 0-0: Called Strike
0-1: Swinging Strike
0-2: Foul Ball, location: 2F
0-2: Ball
1-2: Ball
2-2: Strikes out swinging
Batting: RHB Bryan Peterson 0-0: Called Strike
0-1: Ball
1-1: Ground out 6-3 (Groundball, 6S, EV 72.5 MPH)
Batting: RHB John Loving 0-0: Called Strike
0-1: Ball
1-1: Foul Ball, location: 2F
1-2: Ball
2-2: Foul Ball, location: 2F
2-2: Foul Ball, location: 2F
2-2: Foul Ball, location: 2F
2-2: Foul Ball, location: 2F
2-2: Fly out, F6 (Line Drive, 6, EV 69.4 MPH)
Top of the 7th over - 0 runs, 0 hits, 0 errors, 0 left on base; Buffalo 9 - Charlotte 5
BOTTOM OF THE 7TH
Charlotte Knights batting - Pitching for Buffalo Bisons : RHP Andres Lozano
Now at 1B: Dominik Hasek II
Now at 3B: Kyle Scruggs
Now in LF: John Loving
Now in RF: Jorge Baret
Batting: LHB Carlos Ramirez 0-0: Foul Ball, location: 2F
0-1: Foul Ball, location: 2F
0-2: Ball
1-2: Strikes out swinging
Batting: LHB Joe Kirkland 0-0: Ball
1-0: Ground out 2-3 (Groundball, 2L, EV 70.6 MPH)
Batting: RHB Fletcher Easter 0-0: Called Strike
0-1: DOUBLE (Groundball, 5L, EV 103.1 MPH)
Batting: LHB Ricardo Pagan 0-0: Foul Ball, location: 2F
0-1: Ball
1-1: Hit by Pitch
Batting: RHB Ron Johansen 0-0: Swinging Strike
0-1: Called Strike
0-2: Strikes out swinging
Bottom of the 7th over - 0 runs, 1 hit, 0 errors, 2 left on base; Buffalo 9 - Charlotte 5
TOP OF THE 8TH
Buffalo Bisons batting - Pitching for Charlotte Knights : LHP Bobby Martin
Pitching: RHP Marvin Velasco
Batting: RHB Frank Caulfield 0-0: Ball
1-0: Ball
2-0: Ball
3-0: Called Strike
3-1: Base on Balls
Batting: RHB Väinö Tapaninen 0-0: Ball
1-0: Bunt missed!
1-1: Ball
2-1: Bunted foul
2-2: SINGLE (Groundball, 34S, EV 88.1 MPH) (infield hit)
Frank Caulfield to second
Batting: SHB Dominik Hasek II 0-0: Swinging Strike
0-1: Foul Ball, location: 2F
0-2: Fielders Choice at 2nd, 3-6 (Groundball, 34, EV 83.8 MPH)
Frank Caulfield to third
Batting: RHB Jorge Baret 0-0: Ball
Dominik Hasek II steals 2nd base
1-0: Called Strike
1-1: Fly out, F9 (Flyball, 9, EV 97.5 MPH)
Batting: RHB Michel Martineau 0-0: Intentional Walk
Batting: RHB Jose Garza 0-0: Ball
1-0: Called Strike
1-1: Foul Ball, location: 2F
1-2: Foul Ball, location: 2F
1-2: Ball
2-2: Foul Ball, location: 2F
2-2: Foul Ball, location: 2F
2-2: Ball
3-2: Base on Balls
Frank Caulfield scores
Dominik Hasek II to third
Michel Martineau to second
Batting: RHB Kyle Scruggs 0-0: Foul Ball, location: 2F
0-1: Swinging Strike
0-2: GRAND SLAM HOME RUN (Flyball, 78XD, EV 98.8 MPH), Distance : 405 ft
Pitching: RHP Freddy Barahona
Batting: RHB Bryan Peterson 0-0: Ball
1-0: Foul Ball, location: 2F
1-1: Called Strike
1-2: Foul Ball, location: 2F
1-2: Strikes out swinging
Top of the 8th over - 5 runs, 2 hits, 0 errors, 0 left on base; Buffalo 14 - Charlotte 5
BOTTOM OF THE 8TH
Charlotte Knights batting - Pitching for Buffalo Bisons : RHP Andres Lozano
Pinch Hitting: LHB Alberto Carrasco 0-0: Ball
1-0: Ball
2-0: Called Strike
2-1: Ball
3-1: Base on Balls
Batting: RHB Micah Brown 0-0: Ball
1-0: Ball
2-0: Ball
3-0: Called Strike
3-1: Base on Balls
Alberto Carrasco to second
Pitching: RHP Mel Schultz
Pinch Hitting: LHB Jason Bell 0-0: Swinging Strike
0-1: Foul Ball, location: 2F
0-2: Ball
1-2: Ball
2-2: DOUBLE (Line Drive, 78D, EV 109.4 MPH)
Alberto Carrasco scores
Micah Brown to third
Batting: RHB Jeremy Hoffert 0-0: Ball
1-0: Ground out 5-3 (Groundball, 56S, EV 62.5 MPH)
Micah Brown scores
Jason Bell to third
Pinch Hitting: RHB Jose Medina 0-0: Ball
1-0: SINGLE (Line Drive, 89S, EV 91.9 MPH)
Jason Bell scores
Batting: LHB Joe Kirkland 0-0: Grounds into double play, 4-6-3 (Groundball, 4, EV 77.5 MPH)
Bottom of the 8th over - 3 runs, 2 hits, 0 errors, 0 left on base; Buffalo 14 - Charlotte 8
TOP OF THE 9TH
Buffalo Bisons batting - Pitching for Charlotte Knights : RHP Freddy Barahona
Now at 1B: Jose Medina
Now in LF: Jeremy Hoffert
Now in CF: John Thurman
Now in RF: Alberto Carrasco
Batting: RHB John Loving 0-0: Ball
1-0: Called Strike
1-1: Ball
2-1: Foul Ball, location: 2F
2-2: SINGLE (Groundball, 56D, EV 100.6 MPH)
Batting: RHB Frank Caulfield 0-0: Ball
John Loving steals 2nd base (no throw)
1-0: Ball
2-0: Swinging Strike
2-1: Foul Ball, location: 2F
2-2: Strikes out swinging
Batting: RHB Väinö Tapaninen 0-0: Ball
1-0: Foul Ball, location: 2F
1-1: Fly out, F8 (Flyball, 89S, EV 66.2 MPH)
Batting: SHB Dominik Hasek II 0-0: Swinging Strike
0-1: Ball
1-1: Ball
2-1: Ball
3-1: Foul Ball, location: 2F
3-2: Ground out 5-3 (Groundball, 56, EV 89.4 MPH)
Top of the 9th over - 0 runs, 1 hit, 0 errors, 1 left on base; Buffalo 14 - Charlotte 8
BOTTOM OF THE 9TH
Charlotte Knights batting - Pitching for Buffalo Bisons : RHP Mel Schultz
Batting: RHB Fletcher Easter 0-0: Called Strike
0-1: Ball
1-1: Swinging Strike
1-2: Strikes out swinging
Batting: LHB Ricardo Pagan 0-0: Called Strike
0-1: Foul Ball, location: 2F
0-2: Ball
1-2: Strikes out swinging
Batting: RHB Ron Johansen 0-0: Called Strike
0-1: Ball
1-1: Foul Ball, location: 2F
1-2: Ground out 1-4-3 (Groundball, 15S, EV 100.6 MPH)
Bottom of the 9th over - 0 runs, 0 hits, 0 errors, 0 left on base; Buffalo 14 - Charlotte 8
Tuesday, March 28th , 2023 - OOTP Baseball 23.10 Build 110